 Dungeon Crawl Stone Soup version 0.21-a0-630-g344d351 (webtiles) character file.

95 Firecrotchwizard the Slasher (level 4, -6/38 HPs)
             Began as a Minotaur Gladiator on Dec 26, 2017.
             Mangled by a worm (11 damage)
             ... on level 2 of the Dungeon.
             The game lasted 00:01:30 (1023 turns).

Firecrotchwizard the Slasher (Minotaur Gladiator)   Turns: 1023, Time: 00:01:31

Health: -6/38      AC:  3    Str: 18    XL:     4   Next: 40%
Magic:  3/3        EV: 12    Int:  5    God:
Gold:   74         SH:  0    Dex: 13    Spells: 3/3 levels left

rFire    . . .     SeeInvis .   a - +0 long sword
rCold    . . .     Gourm    .   (no shield)
rNeg     . . .     Faith    .   b - +0 leather armour
rPois    .         Spirit   .   c - +0 hat
rElec    .         Reflect  .   (no cloak)
rCorr    .         Harm     .   (no gloves)
MR       .....                  (no boots)
Stlth    ++........             (no amulet)
HPRegen  0.12/turn              g - ring of stealth {Stlth+}
MPRegen  0.08/turn              (no ring)

@: heavily drained
A: retaliatory headbutt, horns 2
a: no special abilities


You were on level 2 of the Dungeon.
You were not hungry.

You visited 1 branch of the dungeon, and saw 2 of its levels.

You collected 74 gold pieces.

Inventory:

Hand Weapons
 a - a +0 long sword (weapon)
Missiles
 d - 3 throwing nets {=f, !d}
Armour
 b - a +0 leather armour (worn)
 c - a +0 hat (worn)
Jewellery
 g - a ring of stealth (left hand) {Stlth+}
   (You found it on level 2 of the Dungeon)
 j - an uncursed ring of fire {rF+, rC-}
   (You found it on level 1 of the Dungeon)
Scrolls
 e - a scroll of magic mapping {unknown}
 m - a scroll of enchant armour {unknown}
 n - 2 scrolls of identify {unknown}
 p - a scroll of remove curse {unknown}
 q - a scroll of teleportation {unknown}
Potions
 h - a potion of degeneration {unknown}
 i - a potion of mutation {unknown}
 k - a potion of lignification {unknown}
 l - a potion of flight {unknown}
 o - a potion of brilliance {unknown}
Comestibles
 f - 2 rations {@e1}


   Skills:
 + Level 3.3(2.0) Fighting
 * Level 4.9(3.5) Long Blades
 - Level 2.0(0.7) Throwing
 + Level 2.0(0.8) Armour
 + Level 3.9(2.6) Dodging


You had 3 spell levels left.
You didn't know any spells.

Dungeon Overview and Level Annotations

Branches:
Dungeon (2/15)

Altars:
Nemelex Xobeh


Innate Abilities, Weirdness & Mutations

You reflexively headbutt those who attack you in melee.
You have a pair of horns on your head.


Message History

You see here a helmet.
Things that are here:
a robe; the human skeleton of Jessica A quokka comes into view.
The quokka bites you but does no damage.
You see here a scroll labeled FESCHA HAAM.
Health restored: 31
n - 2 scrolls labeled FESCHA HAAM (gained 1)
The quokka closely misses you. You furiously retaliate!
You headbutt the quokka, but do no damage.
You hit the quokka.
You kill the quokka!
No target in view!
No target in view!
(D) Dungeon
Where to? (? - help)
You see here a helmet.
There is a stone staircase leading up here.
You climb upwards.
There is a stone staircase leading down here.
o - a puce potion
p - a scroll labeled LILARE XIOK Some of the chunks of flesh in your inventory have rotted away.
Found a stone staircase leading down.
Some of the chunks of flesh in your inventory have rotted away.
All of the chunks of flesh in your inventory have rotted away.
Done exploring.
(D) Dungeon
Where to? (Enter - D:1, ? - help)
You see here a robe.
There is a stone staircase leading down here.
You climb downwards.
There is a stone staircase leading up here.
l - a bubbling green potion
q - a scroll labeled WYCHAKLUIRA A wight comes into view.
It is wielding an enchanted scimitar.
A worm comes into view.
The worm moves out of view.
A rat and a wight come into view.
You hit the wight.
The wight hits you with an enchanted scimitar!
You take 7 damage, and have 24/31 hp.
MASSIVE DAMAGE!!
The rat twitches its whiskers.
You hit the wight but do no damage.
You headbutt the wight, but do no damage.
The wight hits you but does no damage.
You completely miss the wight. You headbutt the wight! The wight misses you.
You riposte.
You hit the wight but do no damage. You hit the wight.
You destroy the wight!
Your Armour skill increases to level 2!
You have reached level 4!
You feel agile.
The rat twitches its whiskers.
You regained 6 hp, and now have 32/38 hp.
MP restored: 3 You hit the rat.
You kill the rat!
The wight hits you from afar with an enchanted spear.
You feel drained.
You take 5 damage, and have 27/38 hp.
The wight hits you with an enchanted spear!
Things that are here:
an enchanted scimitar; a robe You take 9 damage, and have 18/38 hp.
MASSIVE DAMAGE!!
You hit the wight.
You headbutt the wight, but do no damage.
The wight barely misses you.
You barely miss the wight. The wight hits you but does no damage.
You barely miss the wight.
You headbutt the wight, but do no damage.
The wight hits you with an enchanted spear.
You feel drained.
You take 2 damage, and have 16/38 hp.
You hit the wight.
The wight hits you with an enchanted spear.
You feel drained.
You take 1 damage, and have 15/38 hp.
You barely miss the wight.
The wight hits you with an enchanted spear.
* * * LOW HITPOINT WARNING * * *
You feel drained.
* * * LOW HITPOINT WARNING * * *
The wight completely misses you.
You take 5 damage, and have 10/38 hp.
You hit the wight but do no damage.
The wight hits you with an enchanted spear.
* * * LOW HITPOINT WARNING * * *
You take 3 damage, and have 7/38 hp.
You hit the wight but do no damage.
The wight hits you with an enchanted spear.
* * * LOW HITPOINT WARNING * * *
You feel drained.
You take 2 damage, and have 5/38 hp.
You barely miss the wight. Your headbutt misses the wight.
The wight misses you. You furiously retaliate!
You headbutt the wight! The worm bites you!
You die...

#.# #.# #.# #.#
#.# #.########.
#.#........
#w#.############
#z@.............
###.############
#.# #.# #.# #.#
#.# #.# #.#


You could see a worm and a wight.

Vanquished Creatures
  A wight (D:2)
  Jessica (D:2)
  An ooze (D:2)
  A worm (D:2)
  A leopard gecko (D:2)
  3 bats
  A giant cockroach (D:1)
  3 goblins
  3 hobgoblins (D:1)
  A quokka (D:2)
  A kobold (D:1)
  5 rats
22 creatures vanquished.

Notes
Turn   | Place    | Note
-------+----------+-------------------------------------------
     0 | D:1      | Firecrotchwizard the Minotaur Gladiator began the quest for the Orb.
     0 | D:1      | Reached XP level 1. HP: 18/18 MP: 0/0
   103 | D:1      | Reached XP level 2. HP: 22/25 MP: 1/1
   115 | D:1      | Reached skill level 4 in Long Blades
   283 | D:1      | Found a sparkling altar of Nemelex Xobeh.
   310 | D:1      | You fall through a shaft!
   311 | D:2      | Reached skill level 1 in Armour
   335 | D:2      | HP: 6/25 [worm (10)]
   622 | D:2      | Noticed Jessica
   631 | D:2      | Killed Jessica
   631 | D:2      | Reached skill level 3 in Fighting
   631 | D:2      | Reached XP level 3. HP: 28/31 MP: 2/2
  1013 | D:2      | Reached skill level 2 in Armour
  1013 | D:2      | Reached XP level 4. HP: 31/38 MP: 3/3
  1021 | D:2      | HP: 7/38 [wight/enchanted spear (3)]
  1023 | D:2      | Mangled by a worm

Vault maps used:
D:1:      sevenhm_arrival_forest_fort_small_6, serial_bayou_pond_d,
          minmay_box_of_dots
D:2:      first_ration, uniq_jessica

Skill      XL: |  1  2  3 |
---------------+----------+-----
Long Blades    | 4 |  4.9
Armour         | 1 2 |  2.0
Fighting       | 3 |  3.3
Throwing       | |  2.0
Dodging        | |  3.9

Action                   |  1- 3 |  4- 6 || total
-------------------------+-------+-------++-------
Melee: Long sword        |    38 |     9 ||    47
       Headbutt          |     7 |     2 ||     9
Armor: Leather armour    |    11 |     1 ||    12
Dodge: Dodged            |    18 |     3 ||    21
       Rpst.: Long sword |     3 |       ||     3

Table legend:
 A = Spawn XP
 B = Non-spawn XP
 C = Spawn XP percentage of total XP
 D = Spawn monster count
 E = Non-spawn monster count
 F = Spawn count percentage of total count
 G = Total turns spent on level
                    A         B        C        D         E        F      G
               +---------+---------+-------+---------+---------+-------+---------
         Total |       0 |     137 |   0.0 |       0 |      22 |   0.0 |  1023
               +---------+---------+-------+---------+---------+-------+---------
           D:1 |       0 |      19 |   0.0 |       0 |      13 |   0.0 |   583
           D:2 |       0 |     118 |   0.0 |       0 |       9 |   0.0 |   440
               +---------+---------+-------+---------+---------+-------+---------

Vault maps used:
D:1:      sevenhm_arrival_forest_fort_small_6, serial_bayou_pond_d,
          minmay_box_of_dots
D:2:      first_ration, uniq_jessica

Table legend:
 A = Turns spent in this place as a percentage of turns spent in the entire game.
 B = Non-inter-level travel turns spent in this place as a percentage of non-inter-level travel turns spent in the entire game.
 C = Inter-level travel turns spent in this place as a percentage of turns spent in this place.
 D = Turns resting spent in this place as a percentage of non-inter-level travel turns spent in this place.
 E = Turns spent auto-exploring this place as a percentage of non-inter-level travel turns spent in this place.
 F = Non-inter-level travel turns spent in this place divided by the number of levels of this place that you've seen.
                   A       B       C       D       E      F
               +-------+-------+-------+-------+-------+----------------------
         Total | 100.0 | 100.0 |   4.9 |  23.7 |  62.0 | 486.5
       Dungeon | 100.0 | 100.0 |   4.9 |  23.7 |  62.0 | 486.5
               +-------+-------+-------+-------+-------+----------------------

Table legend:
 A = Kills in this place as a percentage of kills in entire the game.
 B = Kills by you in this place as a percentage of kills by you in the entire game.
 C = Kills by friends in this place as a percentage of kills by friends in the entire game.
 D = Other kills in this place as a percentage of other kills in the entire game.
 E = Experience gained in this place as a percentage of experience gained in the entire game.
 F = Experience gained in this place divided by the number of levels of this place that you have seen.
                   A       B       C       D       E      F
               +-------+-------+-------+-------+-------+----------------------
         Total | 100.0 | 100.0 |   N/A |   N/A | 100.0 |  68.5
       Dungeon | 100.0 | 100.0 |   N/A |   N/A | 100.0 |  68.5
               +-------+-------+-------+-------+-------+----------------------
